 Dungeon Crawl Stone Soup version 0.29-a0-819-g94b489e0ae (webtiles) character file.

Game seed: 6287950407258970647

8210 Gargoyl the Cleaver (level 11, -2/103 HPs)
             Began as a Gargoyle Berserker on July 7, 2022.
             Was a Priest of Trog.
             Killed from afar by a deep elf pyromancer (15 damage)
             ... with a bolt of fire
             ... on level 10 of the Dungeon.
             The game lasted 00:10:16 (10386 turns).

Gargoyl the Cleaver (Gargoyle Berserker)           Turns: 10386, Time: 00:10:17

Health: -2/103     AC: 16    Str: 22    XL:     11   Next: 27%
Magic:  11/11      EV: 13    Int:  7    God:    Trog [***...]
Gold:   689        SH:  0    Dex: 13    Spells: 10/10 levels left

rFire   . . .      SeeInvis .   s - +3 broad axe (elec)
rCold   . . .      Faith    .   (no shield)
rNeg    + + .      Spirit   .   e - +0 ring mail
rPois   ∞          Reflect  .   i - +0 helmet
rElec   +          Harm     .   (no cloak)
rCorr   .          Rampage  .   g - +1 pair of gloves
Will    ++...                   (no boots)
Stlth   ..........              o - amulet of the acrobat
HPRegen 1.27/turn               k - ring of positive energy
MPRegen 0.12/turn               (no ring)

@: berserking (expiring), strong-willed (expiring), regenerating (expiring),
very quick
A: sickness immunity, AC +8, negative energy resistance 1, electricity
resistance, torment resistance 1, petrification resistance, deformed body,
shaggy fur 1
a: Renounce Religion, Berserk, Trog's Hand


You were on level 10 of the Dungeon.
You worshipped Trog.
Trog was most pleased with you.
You visited 1 branch of the dungeon, and saw 10 of its levels.

You collected 714 gold pieces.
You spent 25 gold pieces at shops.

Inventory:

Hand Weapons
 j - a +2 spear of venom
 n - a +0 war axe
 s - a +3 broad axe of electrocution (weapon)
Missiles
 c - 11 boomerangs
 x - 5 poisoned darts (quivered)
 C - 2 throwing nets
Armour
 e - a +0 ring mail (worn)
 g - a +1 pair of gloves (worn)
 i - a +0 helmet (worn)
Jewellery
 k - a ring of positive energy (left hand)
 o - an amulet of the acrobat (around neck)
 w - a +6 ring of intelligence
 z - a +4 ring of evasion
Wands
 f - a wand of flame (79)
 m - a wand of iceblast (23)
 y - a wand of mindburst (6)
 A - a wand of paralysis (5)
 E - a wand of polymorph (3)
Scrolls
 a - a scroll of enchant armour
 p - 2 scrolls of poison
 r - a scroll of magic mapping
 t - 2 scrolls of fear
 B - 2 scrolls of identify
Potions
 b - a potion of ambrosia
 d - 2 potions of degeneration
 h - a potion of might
 l - 2 potions of flight
 q - 2 potions of curing
 u - a potion of lignification
 v - a potion of haste {unknown}
 D - a potion of cancellation {unknown}


   Skills:
 + Level 8.6 Fighting
 + Level 10.4(10.8) Axes
 + Level 4.2(7.9) Polearms
 + Level 1.2 Throwing
 + Level 7.5 Armour
 + Level 5.7 Dodging
 + Level 3.4 Stealth


You had 10 spell levels left.
You didn't know any spells.
Your spell library was empty.

Dungeon Overview and Level Annotations

Branches:
Dungeon (10/15)            Temple (0/1) D:7            Lair (0/6) D:9
    Orc: D:9-12

Altars:
Ashenzari
Dithmenos
Elyvilon
Fedhas
Nemelex Xobeh
Trog
Vehumet
Zin

Shops:
D:2 *   D:8 *=   D:9 :


Innate Abilities, Weirdness & Mutations

You are immune to sickness and miasma.
Your stone body is resilient. (AC +8)
You are immune to poison.
You resist negative energy. (rN+)
You are resistant to electric shocks. (rElec)
You are resistant to unholy torment.
You are immune to petrification.
Armour fits poorly on your strangely shaped body.
You are covered in fur. (AC +1)


Message History

Trog appreciates your killing of a magic user.
The guardian serpent's shape twists and changes as it dies.
You slash the fire elemental! The fire elemental misses you.
The fire elemental hits you. The fire elemental burns you!
* * * LOW HITPOINT WARNING * * *
You closely miss the deep elf pyromancer.
The deep elf pyromancer is lightly wounded.
You closely miss the fire elemental. You hit the fire elemental.
The deep elf pyromancer hits you but does no damage.
The fire elemental barely misses you. The fire elemental hits you.
The fire elemental burns you!
* * * LOW HITPOINT WARNING * * *
You slice the deep elf pyromancer!!
The deep elf pyromancer is heavily wounded.
You slash the fire elemental! x2
The deep elf pyromancer barely misses you.
You closely miss the deep elf pyromancer.
The deep elf pyromancer is heavily wounded.
You slash the fire elemental!
You destroy the fire elemental!
The fire elemental disappears in a puff of smoke!
You closely miss the fire elemental. The fire elemental hits you.
The fire elemental burns you!
* * * LOW HITPOINT WARNING * * *
The deep elf pyromancer hits you but does no damage.
You closely miss the deep elf pyromancer.
The deep elf pyromancer is heavily wounded.
You closely miss the fire elemental.
You feel the effects of Trog's Hand fading.
The fire elemental closely misses you.
A centaur warrior comes into view.
Unknown command.
You slash the deep elf pyromancer!
The deep elf pyromancer is almost dead.
You closely miss the fire elemental. You closely miss the centaur warrior.
The fire elemental hits you. The fire elemental burns you!
* * * LOW HITPOINT WARNING * * *
The deep elf pyromancer gestures at you while chanting.
The bolt of fire hits you!
You die...

### ## #+###
#..# .#$$$$$#
#.#§#e#$cS$$#
#..@#'$$$$$+
#.E#c#
#?##).#
###'###
#.##..#
#.##..#.#
#.+#.).#+
#.#.#..#
#.#..##.#


You could see a centaur warrior, a deep elf pyromancer and a fire elemental
(summoned).

Vanquished Creatures
  Harold (D:9)
  A two-headed ogre (D:8)
  A centaur warrior (D:10)
  Nergalle (D:10)
  A guardian serpent (shapeshifter) (D:10)
  Maggie (D:9)
  A troll (D:10)
  Grinder (D:3)
  A shadow (D:9)
  6 yaks (D:10)
  Grum (D:9)
  A steam dragon (D:8)
  An acid dragon (D:9)
  2 water moccasins
  4 ice beasts
  2 black bears (D:5)
  An orc warrior (D:8)
  A sky beast (D:8)
  3 wolves (D:9)
  4 ogres
  3 centaurs
  A phantom (D:5)
  3 kobold brigands
  2 bullfrogs (D:9)
  2 scorpions (D:5)
  A necrophage (D:5)
  6 killer bees (D:8)
  2 howler monkeys
  An electric eel (D:6)
  2 jellies
  A gnoll bouda (D:6)
  An orc priest (D:6)
  3 hounds
  Jessica (D:3)
  4 iguanas
  7 orc wizards
  Ijyb (D:5)
  3 adders
  8 gnolls
  A shadow imp (D:6)
  An ufetubus (D:5)
  3 worms
  5 dart slugs
  15 orcs
  10 endoplasms
  8 goblins
  11 hobgoblins
  4 jackals (D:5)
  4 quokkas
  7 ball pythons
  3 bats
  4 frilled lizards
  17 kobolds
  2 rats (D:3)
182 creatures vanquished.

Vanquished Creatures (others)
  5 plants
5 creatures vanquished.

Grand Total: 187 creatures vanquished

Notes
Turn   | Place    | Note
-------+----------+-------------------------------------------
     0 | D:1      | Gargoyl the Gargoyle Berserker began the quest for the Orb.
     0 | D:1      | Reached XP level 1. HP: 14/14 MP: 1/1
   260 | D:1      | Reached XP level 2. HP: 19/19 MP: 2/2
   665 | D:1      | Reached skill level 3 in Axes
  1047 | D:1      | Reached XP level 3. HP: 23/23 MP: 3/3
  1336 | D:1      | Reached ** piety under Trog
  1831 | D:2      | Found Olostoqos's Assorted Antiques.
  1857 | D:2      | Bought a scroll labelled WEISIKHOEXE for 25 gold pieces
  2205 | D:2      | Reached XP level 4. HP: 29/29 MP: 4/4
  2518 | D:3      | Noticed Jessica
  2522 | D:3      | Killed Jessica
  2793 | D:3      | Noticed Grinder
  2806 | D:3      | Gained mutation: You possess an exceptional clarity of
                  | mind. [potion of mutation]
  2813 | D:3      | HP: 1/43 [Grinder (2)]
  2819 | D:3      | Killed Grinder
  2820 | D:3      | Reached XP level 5. HP: 2/33 MP: 5/5
  2820 | D:3      | Reached XP level 6. HP: 2/38 MP: 6/6
  3239 | D:3      | Identified the +4 ring mail of the Devil's Advocate {rElec
                  | Dex-2 Slay+2 Stlth+}
  3259 | D:3      | Reached skill level 1 in Stealth
  3843 | D:4      | Found a glowing silver altar of Zin.
  3937 | D:4      | Found a blossoming altar of Fedhas.
  4209 | D:4      | Reached XP level 7. HP: 41/44 MP: 7/7
  4219 | D:4      | Reached *** piety under Trog
  4647 | D:5      | Entered Level 5 of the Dungeon
  4649 | D:5      | Identified a scroll of acquirement
  4649 | D:5      | Acquired a +4 executioner's axe of electrocution
  4695 | D:5      | Found a radiant altar of Vehumet.
  4738 | D:5      | Noticed Ijyb
  4745 | D:5      | Killed Ijyb
  4750 | D:5      | Reached skill level 5 in Fighting
  4770 | D:5      | Found a white marble altar of Elyvilon.
  4863 | D:5      | Identified the +1 dagger of Qoweduf {freeze, rC- Will+
                  | Dex+2}
  4924 | D:5      | Reached skill level 5 in Armour
  4940 | D:5      | Reached XP level 8. HP: 46/49 MP: 8/8
  4966 | D:5      | Reached skill level 4 in Axes
  4974 | D:5      | Identified the +4 chain mail of the Sky {Str+7 Slay-5}
  5163 | D:5      | Found a broken altar of Ashenzari.
  5706 | D:6      | Reached skill level 5 in Axes
  6146 | D:5      | Reached XP level 9. HP: 55/55 MP: 9/9
  6193 | D:5      | Reached skill level 6 in Axes
  6624 | D:6      | Found a bloodstained altar of Trog.
  7007 | D:7      | Found a staircase to the Ecumenical Temple.
  7432 | D:7      | Found a sparkling altar of Nemelex Xobeh.
  7796 | D:8      | Found Zotwicedgh's Jewellery Shop.
  7841 | D:8      | Reached skill level 7 in Axes
  8089 | D:8      | Found Uluexzou's Elemental Accessories.
  8121 | D:8      | Reached **** piety under Trog
  8390 | D:8      | Found a shadowy altar of Dithmenos.
  8391 | D:8      | Noticed a two-headed ogre
  8402 | D:8      | Killed a two-headed ogre
  8403 | D:8      | Reached skill level 8 in Axes
  8403 | D:8      | Reached skill level 1 in Throwing
  8403 | D:8      | Reached XP level 10. HP: 24/61 MP: 10/10
  9135 | D:9      | Found a staircase to the Lair.
  9183 | D:9      | Reached skill level 5 in Dodging
  9265 | D:9      | Identified the +1 broad axe of Winter {elec, *Noise rElec
                  | rCorr SInv}
  9360 | D:9      | Noticed Grum
  9371 | D:9      | HP: 1/94 [Grum/+1 spear (16)]
  9399 | D:9      | Killed Grum
  9690 | D:9      | Noticed Maggie
  9697 | D:9      | Killed Maggie
  9698 | D:9      | Reached skill level 9 in Axes
  9712 | D:9      | Found Femedeo's Vocational Training.
  9730 | D:9      | Lost mutation: You possess an exceptional clarity of mind.
                  | [potion of mutation]
  9730 | D:9      | Gained mutation: You are covered in fur. (AC +1) [potion of
                  | mutation]
  9730 | D:9      | Gained mutation: Armour fits poorly on your strangely
                  | shaped body. [potion of mutation]
  9811 | D:9      | Noticed Harold
  9822 | D:9      | Killed Harold
 10122 | D:10     | Entered Level 10 of the Dungeon
 10312 | D:10     | Noticed Nergalle
 10326 | D:10     | Killed Nergalle
 10327 | D:10     | Reached skill level 10 in Axes
 10327 | D:10     | Reached XP level 11. HP: 69/69 MP: 11/11
 10368 | D:10     | Noticed a centaur warrior
 10375 | D:10     | Killed a centaur warrior
 10375 | D:10     | Noticed a deep elf pyromancer
 10385 | D:10     | Noticed a centaur warrior
 10386 | D:10     | Killed from afar by a deep elf pyromancer

Illustrated notes

Levels and vault maps discovered:
D:1:      dpeg_arrival_morbid_curiosity, layout_basic, serial_forest,
          infiniplex_forest_clump_small, infiniplex_forest_end_3,
          infiniplex_forest_zigzag_2, infiniplex_forest_lined_3,
          infiniplex_forest_straight_4, infiniplex_forest_clump_double,
          infiniplex_forest_straight_5, infiniplex_forest_clump_C,
          infiniplex_forest_clump_small, serial_bayou_pond_b,
          dreamdust_mushroom_princess
D:2:      layout_basic, serial_shops, shop_coins, kennysheep_cluttered_room,
          minmay_close_crescents
D:3:      layout_rooms, nicolae_figureground_sparkle, uniq_grinder, uniq_jessica
D:4:      layout_rooms, mainiacjoe_overflow_boulevard,
          lemuel_coloured_pillars_altar
D:5:      layout_gridville, mainiacjoe_overflow_alcove_1, amcnicky_altar_gilded,
          evilmike_ruin_ashenzari, feat_on_display, uniq_ijyb
D:6:      layout_rooms, trog_book, nicolae_lava_and_water
D:7:      layout_layer_cave, nemelex_dance_club_becter,
          minmay_temple_entry_gardened_gates
D:8:      minmay_weird_star, layout_gridville,
          mainiacjoe_overflow_small_starburst, serial_shops,
          nicolae_stop_n_shop_2, nicolae_elemental_shop, nicolae_benzene_ring
D:9:      layout_roguey, lair_entry_dummy, minmay_misc_feat_rugged,
          nicolae_shop_vocational, uniq_grum, uniq_maggie, uniq_harold
D:10:     minmay_the_grid_square_5x5_4x4 [minmay_the_grid_square_5x5_tie,
          minmay_the_grid_square_5x5_three_small, minmay_the_grid_square_5x5_v,
          minmay_the_grid_square_5x5_two, minmay_the_grid_square_5x5_gyroscope,
          minmay_the_grid_square_5x5_prize_itemx,
          minmay_the_grid_square_5x5_prize_junk,
          minmay_the_grid_square_5x5_mess, minmay_the_grid_square_5x5_corner,
          minmay_the_grid_square_5x5_prize_gold,
          minmay_the_grid_square_5x5_prize_deathbox,
          minmay_the_grid_square_5x5_shrine1,
          minmay_the_grid_square_5x5_fancy_junction,
          minmay_the_grid_square_5x5_checkered_statues,
          minmay_the_grid_square_5x5_bracketed,
          minmay_the_grid_square_5x5_minimal], layout_loops_ring,
          mainiacjoe_overflow_surrounded_room, nicolae_shop_firing_range,
          uniq_nergalle

Skill      XL: |  1  2  3  4  5  6  7  8  9 10 |
---------------+-------------------------------+-----
Axes           | 3 5 8 10 | 10.4
Dodging        | 2 3 4 5 |  5.7
Armour         | 3 4 5 6 7 |  7.5
Fighting       | 4 5 6 8 |  8.6
Polearms       | 2 3 4 |  4.2
Stealth        | 1 2 3 |  3.4
Throwing       | 1 |  1.2

Action                   |  1- 3 |  4- 6 |  7- 9 | 10-12 || total
-------------------------+-------+-------+-------+-------++-------
Melee: Hand axe          |   126 |       |       |       ||   126
       Punch             |     1 |     1 |       |     1 ||     3
       Spear             |     9 |   118 |    27 |       ||   154
       Executioner's axe |       |       |   138 |    38 ||   176
       Broad axe         |       |       |       |    66 ||    66
Throw: Boomerang         |       |     2 |     6 |       ||     8
       Dart              |       |       |     5 |       ||     5
Invok: Berserk           |       |     1 |     5 |     5 ||    11
       Trog's Hand       |       |       |     3 |     5 ||     8
  Use: Scroll            |     5 |     4 |    10 |     1 ||    20
       Potion            |       |     3 |     1 |     3 ||     7
 Stab: Sleeping          |       |       |       |     1 ||     1
Armor: Animal skin       |     6 |       |       |       ||     6
       Ring mail         |    49 |    45 |   146 |    55 ||   295
Dodge: Dodged            |   114 |    40 |   284 |   120 ||   558

Table legend: (Time is in decaauts)
 A = Elapsed time spent in this place.
 B = Non-inter-level travel time spent in this place.
 C = Inter-level travel time spent in this place.
 D = Time resting spent in this place.
 E = Time spent auto-exploring this place.
 F = Levels seen in this place.
 G = Mean time per level.
                   A        B        C        D        E       F      G
               +--------+--------+--------+--------+--------+-----+--------+
         Total |  10588 |  10317 |    271 |   1207 |   7332 |  10 | 1058.8 |
       Dungeon |  10588 |  10317 |    271 |   1207 |   7332 |  10 | 1058.8 |
               +--------+--------+--------+--------+--------+-----+--------+

Top non-repeatable levels by time:
     D:5: 1618 daAuts
     D:8: 1537 daAuts
     D:1: 1475 daAuts
     D:2: 1149 daAuts
     D:3: 1141 daAuts
     D:7: 949 daAuts
     D:4: 894 daAuts
     D:9: 856 daAuts
     D:6: 687 daAuts
    D:10: 278 daAuts
